 Dungeon Crawl Stone Soup version 0.31-a0-844-gdc52ec4e09 (webtiles) character file.

Game seed: 11910385912735876354

86 Ethylacetat the Changeling (level 4, -1/23 HPs)
             Began as a Vine Stalker Shapeshifter on Sept 28, 2023.
             Was an Initiate of Ashenzari.
             Splashed by a jelly's acid (7 damage)
             ... on level 3 of the Dungeon.
             The game lasted 00:02:27 (1334 turns).

Ethylacetat the Changeling (VSSh)                   Turns: 1334, Time: 00:02:28

Health: -1/23      AC: -10   Str: 19    XL:     4   Next: 50%
Magic:  0/5        EV: 12    Int: 10    God:    Ashenzari [......]
Gold:   124        SH:  0    Dex: 13    Spells: 3/3 levels left

rFire   . .          .
                       - Unarmed
rCold   . . .        (no shield)
rNeg    . . .        a - +0 animal skin
rPois   .            (helmet currently unavailable)
rElec   .            (cloak currently unavailable)
rCorr   .            (gloves currently unavailable)
SInv    .            (boots currently unavailable)
Will    +....        (no amulet)
Stlth   +            k - ring of willpower
HPRegen 1.03/turn    (no ring)
MPRegen 0.09/turn

%: guardian spirit
@: beast-form, corroded
A: beast (slay +2), fangs 2, regeneration 1, magic shield, antimagic bite, no
potion heal 2
a: Begin Untransformation, Renounce Religion, Curse Item


You were on level 3 of the Dungeon.
You worshipped Ashenzari.
Ashenzari was noncommittal.
You were a hulking beast.
You visited 1 branch of the dungeon, and saw 3 of its levels.

You collected 124 gold pieces.

Inventory:

Armour
 a - a +0 animal skin (worn)
Jewellery
 e - a +6 ring of intelligence
 k - a ring of willpower (left hand)
Talismans
 c - a beast talisman (active)
 d - a flux talisman
Scrolls
 g - 3 scrolls of identify {unknown}
 h - a scroll of teleportation {unknown}
 i - a scroll of blinking {unknown}
 j - a scroll of acquirement {unknown}
Potions
 b - a potion of lignification
 f - 2 potions of curing {unknown}
 l - a potion of cancellation {unknown}
 m - a potion of brilliance {unknown}


   Skills:
 + Level 1.7 Fighting
 + Level 2.2 Dodging
 + Level 3.5 Unarmed Combat
 * Level 3.8 Shapeshifting


You had 3 spell levels left.
You didn't know any spells.
Your spell library contained the following spells:

 Spells                   Type           Power      Damage    Failure   Level
 Gell's Gravitas          Tloc           0%         N/A       75%         3
 Teleport Other           Tloc           0%         N/A       75%         3
 Tukima's Dance           Hex            0%         N/A       75%         3
 Passage of Golubria      Tloc           0%         N/A       98%         4
 Yara's Violent Unravell  Hex/Tmut       0%         3d3       100%        5
 Dispersal                Tloc           0%         N/A       100%        6


Dungeon Overview and Level Annotations

Branches:
Dungeon (3/15)

Altars:
Ashenzari


Innate Abilities, Weirdness & Mutations

You are a hulking beast.
Your limbs bulge with bestial killing power. (Slay +2)
You have extremely sharp teeth.
Your natural rate of healing is unusually fast.
When hurt, damage is shared between your health and your magic reserves.
Your bite disrupts and absorbs the magic of your enemies.
Potions cannot restore your health.


Message History

Done exploring.
Done exploring.
There is a stone staircase leading down here.
You climb downwards.
There is a stone staircase leading up here.
A rat is nearby!
A rat is nearby!
The rat barely misses you.
You barely miss the rat. You hit the rat.
You kill the rat!
Found a ring mail.
No target in view!
No target in view!
No target in view!
You see here a +0 ring mail.
Found a stone staircase leading down.
There is a stone staircase leading down here.
g - 3 scrolls labelled UMEASUC GASISM (gained 1)
There is a stone staircase leading down here.
You now have 124 gold pieces (gained 4).
A jelly comes into view.
A giant cockroach comes into view.
There are monsters nearby!
The helpless jelly fails to defend itself.
You hit the jelly. The acid corrodes you!
Your hands burn!
Your bite misses the jelly.
The jelly is moderately wounded.
The jelly hits you.
You are splashed with acid.
You completely miss the jelly. Your bite misses the jelly.
The jelly is moderately wounded.
The jelly hits you. The acid corrodes you!
You are splashed with acid!
* * * LOW HITPOINT WARNING * * *
You are too injured to fight recklessly!
You hit the jelly. The acid corrodes you!
Your hands burn!
* * * LOW HITPOINT WARNING * * *
You bite the jelly. You drain its power.
You feel invigorated.
The jelly is almost dead.
The jelly hits you.
You are splashed with acid!
You die...

..##### ... .B# #.#
#J# #.# #h# #.# #.#
#.# #.# #.# #.# #.#
#.#######
#######.###........
..................###.
...#######.######.##
#.##.........>.....#


You could see a jelly and a giant cockroach.

Vanquished Creatures
  3 adders (D:2)
  A worm (D:2)
  2 dart slugs
  10 bats
  7 endoplasms
  A giant cockroach (D:1)
  4 goblins
  5 hobgoblins
  3 kobolds (D:1)
  A quokka (D:1)
  4 ball pythons
  3 frilled lizards
  7 rats
51 creatures vanquished.

Notes
Turn   | Place    | Note
-------+----------+-------------------------------------------
     0 | D:1      | Ethylacetat the Vine Stalker Shapeshifter began the quest
                  | for the Orb.
     0 | D:1      | Reached XP level 1. HP: 9/9 MP: 2/2
    68 | D:1      | Reached skill level 1 in Fighting
   101 | D:1      | Found a faded altar of an unknown god.
   109 | D:1      | Reached XP level 2. HP: 13/14 MP: 1/3
   115 | D:1      | Prayed at the altar of an unknown god.
   115 | D:1      | Became a worshipper of Ashenzari the Shackled
   390 | D:1      | Reached XP level 3. HP: 18/18 MP: 4/4
   659 | D:2      | Reached XP level 4. HP: 22/22 MP: 3/5
  1334 | D:3      | Splashed by a jelly's acid

Illustrated notes

Levels and vault maps discovered:
D:1:      zelgadis_glass_arrival_small, layout_basic,
          chequers_ecumenical_altar_island
D:2:      layout_loops_ring, minmay_misc_feat_four_crosses
D:3:      layout_loops_ring, minivault_27, minmay_distorted, uniq_robin

Skill      XL: |  1  2  3 |
---------------+----------+-----
Fighting       | 1 |  1.7
Dodging        | 2 |  2.2
Unarmed Combat | |  3.5
Shapeshifting  | |  3.8

Action                     |  1- 3 |  4- 6 || total
---------------------------+-------+-------++-------
  Melee: Unarmed           |    72 |    45 ||   117
         Bite              |    12 |    12 ||    24
         Punch             |       |     1 ||     1
   Stab: Sleeping          |     2 |     2 ||     4
 Armour: Animal skin       |    33 |    29 ||    62
  Dodge: Dodged            |    34 |    25 ||    59

Table legend: (Time is in decaauts)
 A = Elapsed time spent in this place.
 B = Non-inter-level travel time spent in this place.
 C = Inter-level travel time spent in this place.
 D = Time resting spent in this place.
 E = Time spent auto-exploring this place.
 F = Levels seen in this place.
 G = Mean time per level.
                   A        B        C        D        E       F      G
               +--------+--------+--------+--------+--------+-----+--------+
         Total |   1334 |   1289 |     45 |      0 |   1005 |   3 |  444.7 |
       Dungeon |   1334 |   1289 |     45 |      0 |   1005 |   3 |  444.7 |
               +--------+--------+--------+--------+--------+-----+--------+

Top non-repeatable levels by time:
     D:2: 654 daAuts
     D:1: 625 daAuts
     D:3: 54 daAuts
